 Dungeon Crawl Stone Soup version 0.18-a0-49-gd105b5a (webtiles) character file.

39 Duffy the Skirmisher (level 3, -3/30 HPs)
             Began as a Formicid Hunter on Nov 6, 2015.
             Slain by an adder (5 damage)
             ... on level 2 of the Dungeon.
             The game lasted 00:01:28 (1771 turns).

Duffy the Skirmisher (Formicid Hunter)              Turns: 1771, Time: 00:01:28

Health: -3/30      AC:  3    Str: 16    XL:     3   Next: 67%
Magic:  3/3        EV: 11    Int: 10    God:
Gold:   96         SH:  0    Dex: 12    Spells: 0 memorised, 2 levels left

rFire  . . .     SeeInvis +     c - +0 short sword
rCold  . . .     Clarity  .     d - +0 leather armour
rNeg   + . .     SustAt   .     (no shield)
rPois  .         Gourm    .     (helmet unavailable)
rElec  .         Spirit   .     (no cloak)
rCorr  .         Warding  +     (no gloves)
rMut   .         Stasis   +     (no boots)
MR     .....                    g - amulet of warding
Stlth  +.........               (no ring)
                                (no ring)

@: lethally poisoned (-3 -> -14), not resistant to hostile enchantments, very
unstealthy
A: permanent stasis, dig shafts and tunnels, four strong arms, antennae 3
a: Dig, Shaft Self


You were on level 2 of the Dungeon.
You were not hungry.

You visited 1 branch of the dungeon, and saw 2 of its levels.

You collected 96 gold pieces.


Innate Abilities, Weirdness & Mutations

You are under a permanent stasis effect.
You can dig through walls and to a lower floor.
Your four strong arms can wield two-handed weapons with a shield.
You have a pair of large antennae on your head (SInv).


   Skills:
 + Level 4.1 Fighting
 - Level 3.2 Throwing
 - Level 1.7 Dodging
 - Level 1.2 Stealth


You had 2 spell levels left.
You didn't know any spells.

Inventory:

Hand Weapons
 c - a +0 short sword (weapon)
Missiles
 a - 6 javelins (quivered)
 b - 2 throwing nets
Armour
 d - a +0 leather armour (worn)
Jewellery
 g - an amulet of warding (around neck)
Scrolls
 f - 2 scrolls of identify {unknown}
 h - a scroll of enchant armour {unknown}
 i - a scroll of blinking {unknown}
Potions
 k - 2 potions of haste {unknown}
Comestibles
 e - 2 bread rations
 j - a beef jerky

Dungeon Overview and Level Annotations

Branches:
Dungeon (2/15)

Altars:


Message History

The adder is almost dead.
You feel sick. The adder bites you.
You are more poisoned.
The adder poisons you!
The quokka bites you but does no damage.
You are too injured to fight recklessly!
You are too injured to fight recklessly!
You are too injured to fight recklessly!
You are too injured to fight recklessly!
You are too injured to fight recklessly!
You are too injured to fight recklessly!
You are too injured to fight recklessly!
You are too injured to fight recklessly!
You are too injured to fight recklessly!
You are too injured to fight recklessly!
You are too injured to fight recklessly!
You are too injured to fight recklessly!
You are too injured to fight recklessly!
You are too injured to fight recklessly!
You are too injured to fight recklessly!
You are too injured to fight recklessly!
You are too injured to fight recklessly!
You closely miss the adder.
The adder is almost dead.
You feel sick. The adder bites you. The quokka bites you. The adder bites you.
The quokka closely misses you.
You hit the adder but do no damage.
The adder is almost dead.
You feel sick. The adder bites you.
You are more poisoned.
The adder poisons you! The quokka barely misses you.
You closely miss the adder.
The adder is almost dead.
You feel sick. The adder bites you.
You die...

#.......# ######## {
####.#### #.##.####
#.#....# #.###.# .
#.....####.... {
#..⌠..........
#####.....#####...
#..S@##'##..(.##
#>.⌠r.##)##..⌠.<#
##...##...##...## ####
#.⌠.###### #...# ##>##
### ######### #..
####.......# #.#
#.#####.......##.######.#


You could see an adder and a quokka.

Action                   || total
-------------------------++-------
Melee: Short sword       ||   126
 Abil: Dig               ||     1
 Stab: Sleeping          ||     1
  Eat: Bread ration      ||     1

Notes
Turn   | Place    | Note
--------------------------------------------------------------
     0 | D:1      | Duffy the Formicid Hunter began the quest for the Orb.
     0 | D:1      | Reached XP level 1. HP: 16/16 MP: 1/1
   415 | D:1      | Reached XP level 2. HP: 16/23 MP: 2/2
   518 | D:1      | Reached skill level 3 in Fighting
   922 | D:1      | Reached XP level 3. HP: 29/29 MP: 3/3
  1520 | D:2      | Reached skill level 4 in Fighting
  1771 | D:2      | Slain by an adder

Vault maps used:
D:1:      ncdulo_smallfort, hangedman_glass_teeth
D:2:      xom_redecorated, kiku_gazebo_pond_becter, grunt_ministairs_4,
          uniq_sigmund

Vanquished Creatures
  An ooze
  A giant gecko
  2 ball pythons
  4 giant cockroaches
  7 goblins
  5 hobgoblins
  2 jackals
  2 bats
  A giant newt
  3 kobolds
  4 rats
32 creatures vanquished.
